 Dungeon Crawl Stone Soup version 0.28-a0-677-g3278d6a771 (webtiles) character file.

Game seed: 13897194171665578297

450 MacCMillion the Chiller (level 6, 53/53 HPs)
             Began as a Troll Ice Elementalist on Oct 18, 2021.
             Was an Initiate of Dithmenos.
             Quit the game on level 5 of the Dungeon.
             The game lasted 00:07:13 (2439 turns).

MacCMillion the Chiller (Troll Ice Elementalist)    Turns: 2439, Time: 00:07:13

Health: 53/53      AC:  4    Str: 17    XL:     6   Next: 74%
Magic:  8/8        EV:  9    Int: 13    God:    Dithmenos [......]
Gold:   231        SH:  0    Dex: 10    Spells: 2/9 levels left

rFire   . . .      SeeInvis .     - Unarmed
rCold   . . .      Faith    .   (no shield)
rNeg    . . .      Spirit   .   a - +0 robe
rPois   +          Reflect  .   (helmet restricted)
rElec   .          Harm     .   (no cloak)
rCorr   .          Rampage  .   (gloves unavailable)
Will    .....                   (boots unavailable)
Stlth   +.........              g - amulet of the acrobat
HPRegen 1.17/turn               i - ring of poison resistance
MPRegen 0.11/turn               o - ring of wizardry

@: no status effects
A: large, unfitting armour, claws 3, regeneration 1, shaggy fur 1, tough skin 1
a: Renounce Religion


You were on level 5 of the Dungeon.
You worshipped Dithmenos.
Dithmenos was noncommittal.
You visited 1 branch of the dungeon, and saw 5 of its levels.

You collected 231 gold pieces.

Inventory:

Hand Weapons
 k - a +0 whip of pain
Missiles
 j - 3 boomerangs
Armour
 a - a +0 robe (worn)
Jewellery
 g - an amulet of the acrobat (around neck)
 i - a ring of poison resistance (left claw)
 o - a ring of wizardry (right claw)
Scrolls
 b - a scroll of immolation {unknown}
 c - 4 scrolls of fear {unknown}
 d - 2 scrolls of identify {unknown}
 e - a scroll of amnesia {unknown}
 m - a scroll of teleportation {unknown}
 n - a scroll of silence {unknown}
Potions
 f - a potion of mutation {unknown}
 h - 2 potions of flight {unknown}
 l - a potion of attraction {unknown}


   Skills:
 - Level 1.5 Dodging
 - Level 1.0 Stealth
 + Level 4.4 Unarmed Combat
 - Level 2.0 Spellcasting
 + Level 4.6 Ice Magic


You had 2 spell levels left.
You knew the following spells:

 Your Spells              Type           Power      Damage    Failure   Level
a - Freeze                Ice            52%        1d7       1%          1
b - Ozocubu's Armour      Ice            13%        N/A       4%          3
c - Frozen Ramparts       Ice            26%        1d4       4%          3

Your spell library contained the following spells:

 Spells                   Type           Power      Damage    Failure   Level
 Inner Flame              Hex/Fire       1%         N/A       28%         3
 Hailstorm                Conj/Ice       7%         3d4       36%         4
 Cause Fear               Hex            0%         N/A       65%         4
 Discord                  Hex            0%         N/A       100%        8


Dungeon Overview and Level Annotations

Branches:
Dungeon (5/15)
 Temple: D:4-7

Altars:
Dithmenos
Yredelemnul

Shops:
D:5 *

Annotations:
D:2 Sigmund


Innate Abilities, Weirdness & Mutations

You are too large for most types of armour.
You have claws for hands.
Your natural rate of healing is unusually fast.
You are covered in fur. (AC +1)
You have tough skin. (AC +1)


Message History

You kill the hound!
Dithmenos accepts your kill.
No target in view!
You start resting.
HP restored.
You climb downwards.
The killer bee zombie hits you. x2
The killer bee zombie closely misses you.
There is a stone staircase leading up, spattered with blood here.
You claw the killer bee zombie!
The killer bee zombie is heavily damaged.
The killer bee zombie hits you.
You claw the killer bee zombie!
The killer bee zombie is almost destroyed.
The killer bee zombie hits you. x2
You barely miss the killer bee zombie.
The killer bee zombie is almost destroyed.
The killer bee zombie barely misses you.
The dart slug launches a dart at you.
The slug dart hits you but does no damage.
You miss the killer bee zombie.
The killer bee zombie is almost destroyed.
The killer bee zombie hits you but does no damage. x2
You closely miss the killer bee zombie. You claw the killer bee zombie.
You destroy the killer bee zombie!
Dithmenos accepts your kill.
Found 15 gold pieces.
The dart slug completely misses you.
You barely miss the dart slug. You claw the dart slug!
You kill the dart slug!
Dithmenos accepts your kill.
No target in view!
No target in view!
You see here a dart slug corpse.
Unknown command.
Found a silver wand and a leather armour.
You start resting.
HP restored.
Found a longbow.
Found a basalt altar of Yredelemnul.
You now have 231 gold pieces (gained 15).
Are you sure you want to abandon this character and quit the game? (Confirm with "yes".)

###......<#.##
#####...#..###### ..
###.†.^....... ...
##.........#. #.?.
#..........# ..#..
#..........####.....
#............#.....#
#...............#
........#####@..##
.............)...#
[..../###._.###..#
...#. #... .$# ..#
##. ...# .. .... ##
..... ....


There were no monsters in sight!

Vanquished Creatures
  A wyvern zombie (D:4)
  A howler monkey (D:5)
  A bullfrog skeleton (D:5)
  2 hounds (D:4)
  An iguana (D:4)
  An orc wizard (D:5)
  Natasha (thrice) (D:3)
  A killer bee zombie (D:5)
  3 adders
  A shadow imp (D:4)
  A white imp (D:4)
  An adder skeleton (D:4)
  2 dart slugs
  5 orcs
  8 ball pythons
  7 bats
  6 endoplasms
  5 giant cockroaches
  2 goblins
  6 hobgoblins
  2 jackals (D:4)
  4 quokkas
  A frilled lizard (D:3)
  6 kobolds
  2 rats (D:1)
73 creatures vanquished.

Notes
Turn   | Place    | Note
-------+----------+-------------------------------------------
     0 | D:1      | MacCMillion the Troll Ice Elementalist began the quest for
                  | the Orb.
     0 | D:1      | Reached XP level 1. HP: 16/16 MP: 1/1
   324 | D:1      | Reached skill level 1 in Unarmed Combat
   328 | D:1      | Reached XP level 2. HP: 24/24 MP: 2/2
   450 | D:1      | Found a faded altar of an unknown god.
   591 | D:1      | Reached XP level 3. HP: 31/31 MP: 3/3
   595 | D:1      | Learned a level 3 spell: Ozocubu's Armour
   869 | D:2      | Noticed Sigmund
  1045 | D:3      | Noticed Natasha
  1058 | D:3      | Killed Natasha
  1059 | D:3      | Reached XP level 4. HP: 7/39 MP: 5/5
  1152 | D:3      | Noticed Natasha
  1162 | D:3      | Killed Natasha
  1180 | D:3      | Found a shadowy altar of Dithmenos.
  1219 | D:3      | Noticed Natasha
  1249 | D:3      | Became a worshipper of Dithmenos the Shadowed
  1262 | D:3      | Killed Natasha
  1444 | D:4      | Reached XP level 5. HP: 27/45 MP: 6/6
  1883 | D:4      | Identified the +2 helmet "Len Suim" {*Slow Str+5 Int+3}
  2105 | D:4      | Reached XP level 6. HP: 53/53 MP: 8/8
  2191 | D:5      | Entered Level 5 of the Dungeon
  2251 | D:5      | Found Pocakosch's Elemental Accessories.
  2259 | D:5      | Learned a level 3 spell: Frozen Ramparts
  2437 | D:5      | Found a basalt altar of Yredelemnul.
  2439 | D:5      | Quit the game

Illustrated notes

Levels and vault maps discovered:
D:1:      minmay_arrival_loop, layout_basic,
          shapermc_ecumenical_altar_mp_ritualfount,
          chequers_serial_rivers_micro_c, corexii_corridor_pit
D:2:      layout_basic, serial_shops, shop, kennysheep_generic_room_11,
          uniq_sigmund, uniq_crazy_yiuf_cottage
D:3:      layout_rooms, nicolae_dithmenos_through_a_glass_darkly, uniq_natasha
D:4:      layout_loops_ring
D:5:      layout_cave_pools, mainiacjoe_overflow_large_starburst, serial_shops,
          shop, chequers_avenue, grunt_decor_junction,
          hangedman_decor_slide_cut, nicolae_elemental_shop

Skill      XL: |  1  2  3  4  5  6 |
---------------+-------------------+-----
Ice Magic      | 3 4 |  4.6
Unarmed Combat | 1 2 3 4 |  4.4
Spellcasting   | 2 |  2.0
Dodging        | |  1.5
Stealth        | |  1.0

Action                   |  1- 3 |  4- 6 || total
-------------------------+-------+-------++-------
Melee: Unarmed           |   117 |   153 ||   270
       Punch             |     1 |     4 ||     5
 Cast: Ozocubu's Armour  |       |     1 ||     1
 Stab: Sleeping          |     1 |     2 ||     3
Armor: Robe              |    42 |    34 ||    76
Dodge: Dodged            |    61 |    89 ||   150

Table legend: (Time is in decaauts)
 A = Elapsed time spent in this place.
 B = Non-inter-level travel time spent in this place.
 C = Inter-level travel time spent in this place.
 D = Time resting spent in this place.
 E = Time spent auto-exploring this place.
 F = Levels seen in this place.
 G = Mean time per level.
                   A        B        C        D        E       F      G
               +--------+--------+--------+--------+--------+-----+--------+
         Total |   2465 |   2375 |     90 |    173 |   1530 |   5 |  493.0 |
       Dungeon |   2465 |   2375 |     90 |    173 |   1530 |   5 |  493.0 |
               +--------+--------+--------+--------+--------+-----+--------+

Top non-repeatable levels by time:
     D:4: 837 daAuts
     D:1: 833 daAuts
     D:3: 518 daAuts
     D:5: 220 daAuts
     D:2: 55 daAuts
